 Dungeon Crawl Stone Soup version 0.31-a0-836-g3ceb0a68c4 (webtiles) character file.

Game seed: 11468552895668552475

81 LeprechaunX the Changeling (level 4, -1/43 HPs)
             Began as an Octopode Shapeshifter on Sept 26, 2023.
             Succumbed to an orc wizard's poison
             ... on level 5 of the Dungeon.
             The game lasted 00:02:05 (2920 turns).

LeprechaunX the Changeling (Octopode Shapeshifter)  Turns: 2920, Time: 00:02:05

Health: -1/43      AC: 22    Str: 15    XL:     4   Next: 42%
Magic:  4/4        EV:  2    Int: 12    God:
Gold:   238        SH:  0    Dex: 11    Spells: 3/3 levels left

rFire   . .          .
                       - Unarmed
rCold   . . .        e - +2 buckler
rNeg    . . .        (helmet currently unavailable)
rPois   +            (no amulet)
rElec   .            f - +5 ring of evasion
rCorr   .            (no ring)
SInv    .            (no ring)
Will    .....        (no ring)
Stlth   +            (no ring)
HPRegen 0.27/turn    (no ring)
MPRegen 0.09/turn    (no ring)
                     (no ring)

%: no passive effects
@: confused, lethally poisoned (-1 -> -16), tree-form
A: stationary, stasis, torment immunity, boosted hp, almost no armour,
(amphibious), 8 rings, (camouflage 1), (gelatinous body 1), (nimble swimmer 1),
(tentacles)
a: no special abilities


You were on level 5 of the Dungeon.
You were a tree.
You visited 1 branch of the dungeon, and saw 5 of its levels.

You collected 238 gold pieces.

Inventory:

Hand Weapons
 a - a +0 sling
Missiles
 v - 4 boomerangs (quivered)
Armour
 e - a +2 buckler (worn)
Jewellery
 f - a +5 ring of evasion (left branch)
Talismans
 b - a beast talisman
 c - a flux talisman
Wands
 n - a wand of polymorph (10)
Scrolls
 g - 3 scrolls of teleportation {unknown}
 h - 2 scrolls of identify {unknown}
 k - a scroll of fear {unknown}
 l - a scroll of revelation {unknown}
 m - a scroll of vulnerability {unknown}
 q - a scroll of enchant weapon {unknown}
 r - 2 scrolls of poison {unknown}
Potions
 d - a potion of haste {unknown}
 i - 2 potions of heal wounds {unknown}
 j - 2 potions of brilliance {unknown}
 p - a potion of berserk rage {unknown}
 s - a potion of attraction {unknown}
 t - a potion of enlightenment {unknown}
 u - a potion of resistance {unknown}


   Skills:
 + Level 1.7 Fighting
 + Level 2.5 Dodging
 + Level 1.2 Shields
 + Level 3.3 Unarmed Combat
 * Level 3.7 Shapeshifting


You had 3 spell levels left.
You didn't know any spells.
Your spell library contained the following spells:

 Spells                   Type           Power      Damage    Failure   Level
 Ensorcelled Hibernation  Hex/Ice        0%         N/A       54%         2
 Jinxbite                 Hex            0%         N/A       54%         2
 Passwall                 Tmut/Erth      0%         N/A       54%         2
 Call Canine Familiar     Summ           0%         N/A       78%         3
 Sigil of Binding         Hex            0%         N/A       78%         3
 Swiftness                Air            0%         N/A       78%         3
 Anguish                  Hex/Necr       0%         N/A       99%         4
 Dimensional Bullseye     Hex/Tloc       0%         N/A       99%         4
 Leda's Liquefaction      Hex/Erth       0%         N/A       99%         4
 Bombard                  Conj/Erth      0%         9d1       100%        6
 Lehudib's Crystal Spear  Conj/Erth      0%         10d2      100%        8


Dungeon Overview and Level Annotations

Branches:
Dungeon (5/15)
 Temple: D:4-7

Altars:
Okawaru


Innate Abilities, Weirdness & Mutations

You are a tree.
Your roots penetrate the ground, keeping you stationary.
You cannot be teleported.
You are immune to unholy pain and torment.
Your maximum health is greatly increased.
You cannot wear most types of armour.
((You are amphibious.))
You can wear up to eight rings at the same time.
((Your skin changes colour to match your surroundings (Stealth+).))
((Your rubbery body absorbs attacks. (AC +1, EV +1)))
((You are camouflaged when in or above water. (Stealth+)))
((You have tentacles for arms and can constrict up to eight enemies at once.))


Message History

You kill the orc!
You tentacle-slap the orc. Your grab misses the orc.
The orc is heavily wounded.
The orc hits you with a +0 flail.
You tentacle-slap the orc. Your grab misses the orc.
The orc is severely wounded.
The orc closely misses you.
You barely miss the orc. You grab the orc. You squeeze the orc.
You kill the orc!
The orc wizard casts a spell.
The orc wizard flickers and vanishes!
Deactivating autopickup; reactivate with Ctrl-A.
No target in view!
No target in view!
No target in view!
No target in view!
You barely miss something. Your squeeze misses something. Something hits you.
You are poisoned.
You tentacle-slap something. Your squeeze misses something.
You feel very sick. Something barely misses you.
You closely miss something. Your squeeze misses something.
You feel sick.
You hear some strange, mumbled words.
You are confused.
You closely miss something. Your squeeze misses something.
You feel sick. Something hits you.
* * * LOW HITPOINT WARNING * * *
You are lethally poisoned!
You bump into the rock wall.
* * * LOW HITPOINT WARNING * * *
You feel very sick. Something barely misses you.
Your transformation has ended.
You turn into a tree.
Your roots penetrate the ground.
* * * LOW HITPOINT WARNING * * *
You feel very sick. Something hits you but does no damage.
You are more poisoned.
You closely miss something.
You die...

## ## # ......
.. ..#.. #..
#.#.#
#...####.#.#
......#....#
......{....##.#
#♣......#
##..###.# ##..#
#...###.#
#...<...#
#.....###
#..##.# #..# .#
#..# .#


There were no monsters in sight!

Vanquished Creatures
  2 gnolls (D:5)
  2 adders (D:4)
  An ufetubus (D:5)
  A worm (D:2)
  A dart slug (D:1)
  4 orcs (D:5)
  A bat (D:1)
  2 endoplasms
  4 goblins
  3 hobgoblins
  2 jackals (D:4)
  2 kobolds
  A quokka (D:2)
  2 ball pythons
  A frilled lizard (D:2)
  2 rats (D:2)
31 creatures vanquished.

Notes
Turn   | Place    | Note
-------+----------+-------------------------------------------
     0 | D:1      | LeprechaunX the Octopode Shapeshifter began the quest for
                  | the Orb.
     0 | D:1      | Reached XP level 1. HP: 13/13 MP: 1/1
   224 | D:1      | Reached XP level 2. HP: 18/18 MP: 2/2
   672 | D:2      | Found an iron altar of Okawaru.
   975 | D:2      | Got a lithographed book
  1652 | D:3      | Reached XP level 3. HP: 23/23 MP: 3/3
  2309 | D:4      | Reached skill level 1 in Shields
  2716 | D:5      | Entered Level 5 of the Dungeon
  2727 | D:5      | Reached XP level 4. HP: 28/28 MP: 4/4
  2919 | D:5      | HP: 2/43 [poisoned by an orc wizard]
  2920 | D:5      | Succumbed to an orc wizard's poison

Illustrated notes

Levels and vault maps discovered:
D:1:      dpeg_arrival_tiny_k, layout_basic, serial_glass, glass_columns_a,
          glass_columns_a
D:2:      layout_basic, basic_altar
D:3:      layout_loops_ring, nicolae_elevator_lobby_asterisk
D:4:      wad_woods_pond, layout_loops_ring, uniq_crazy_yiuf_cottage
D:5:      layout_loops_ring, uniq_blork_the_orc

Skill      XL: |  1  2  3 |
---------------+----------+-----
Shields        | 1 |  1.2
Fighting       | |  1.7
Dodging        | |  2.5
Unarmed Combat | |  3.3
Shapeshifting  | |  3.7

Action                     |  1- 3 |  4- 6 || total
---------------------------+-------+-------++-------
  Melee: Unarmed           |    55 |    19 ||    74
         Constrict         |    16 |     7 ||    23
         Tentacles         |     8 |     5 ||    13
         Punch             |     2 |       ||     2
  Throw: Boomerang         |     5 |       ||     5
    Use: Potion            |       |     1 ||     1
   Stab: Sleeping          |     8 |       ||     8
 Armour: Skin              |    17 |     8 ||    25
  Dodge: Dodged            |    26 |     9 ||    35
  Block: Buckler           |     7 |     4 ||    11

Table legend: (Time is in decaauts)
 A = Elapsed time spent in this place.
 B = Non-inter-level travel time spent in this place.
 C = Inter-level travel time spent in this place.
 D = Time resting spent in this place.
 E = Time spent auto-exploring this place.
 F = Levels seen in this place.
 G = Mean time per level.
                   A        B        C        D        E       F      G
               +--------+--------+--------+--------+--------+-----+--------+
         Total |   2919 |   2656 |    263 |     64 |   2325 |   5 |  583.8 |
       Dungeon |   2919 |   2656 |    263 |     64 |   2325 |   5 |  583.8 |
               +--------+--------+--------+--------+--------+-----+--------+

Top non-repeatable levels by time:
     D:4: 896 daAuts
     D:2: 727 daAuts
     D:1: 665 daAuts
     D:3: 582 daAuts
     D:5: 47 daAuts
